 Dungeon Crawl Stone Soup version 0.28.0-49-g6dfe1f597d (webtiles) character file.

Game seed: 17549092175531221092

55 Kaptain the Digger (level 3, -3/20 HPs)
             Began as a Gargoyle Earth Elementalist on May 12, 2022.
             Killed by divine providence
             ... invoked by an orc priest
              (11 damage)
             ... on level 2 of the Dungeon.
             The game lasted 00:04:16 (2344 turns).

Kaptain the Digger (Gargoyle Earth Elementalist)    Turns: 2344, Time: 00:04:16

Health: -3/20      AC:  5    Str: 11    XL:     3   Next: 93%
Magic:  0/6        EV: 12    Int: 17    God:
Gold:   69         SH:  0    Dex: 10    Spells: 5/6 levels left

rFire   . . .      SeeInvis .   f - +1 dagger (speed)
rCold   . . .      Faith    .   (no shield)
rNeg    + . .      Spirit   .   b - +0 robe
rPois   ∞          Reflect  .   (no helmet)
rElec   +          Harm     .   (no cloak)
rCorr   .          Rampage  .   (no gloves)
Will    .....                   (no boots)
Stlth   ++........              (no amulet)
HPRegen 0.06/turn               (no ring)
MPRegen 0.10/turn               (no ring)

@: no status effects
A: sickness immunity, AC +3, negative energy resistance 1, electricity
resistance, torment resistance 1, petrification resistance
a: no special abilities


You were on level 2 of the Dungeon.
You visited 1 branch of the dungeon, and saw 2 of its levels.

You collected 69 gold pieces.

Inventory:

Hand Weapons
 f - a +1 dagger of speed (weapon)
Missiles
 c - 31 stones
 e - 12 sling bullets
Armour
 b - a +0 robe (worn)
Scrolls
 a - 3 scrolls of identify {unknown}
 g - 2 scrolls of teleportation {unknown}
 i - a scroll of fog {unknown}
 k - a scroll of holy word {unknown}
 l - a scroll of enchant weapon {unknown}
Potions
 d - a potion of magic {unknown}
 h - a potion of invisibility {unknown}
 j - a potion of curing {unknown}


   Skills:
 * Level 1.2 Fighting
 + Level 1.0 Armour
 + Level 1.9 Dodging
 - Level 2.1 Stealth
 * Level 2.4 Spellcasting
 * Level 1.3 Conjurations
 - Level 0.7 Transmutations
 * Level 4.1 Earth Magic


You had 5 spell levels left.
You knew the following spells:

 Your Spells              Type           Power      Damage    Failure   Level
a - Sandblast             Erth           32%        2d9       3%          1

Your spell library contained the following spells:

 Spells                   Type           Power      Damage    Failure   Level
 Passwall                 Tmut/Erth      8%         N/A       11%         2
 Beastly Appendage        Tmut           8%         N/A       14%         1
 Stone Arrow              Conj/Erth      22%        3d8       19%         3
 Wereblood                Tmut           4%         N/A       22%         2
 Spider Form              Tmut/Pois      3%         N/A       43%         3
 Petrify                  Tmut/Erth      10%        N/A       56%         4


Dungeon Overview and Level Annotations

Branches:
Dungeon (2/15)

Altars:
Xom


Innate Abilities, Weirdness & Mutations

You are immune to sickness and miasma.
Your stone body is resilient. (AC +3)
You are immune to poison.
You resist negative energy. (rN+)
You are resistant to electric shocks. (rElec)
You are resistant to unholy torment.
You are immune to petrification.


Message History

The orc priest calls down the wrath of Beogh upon you.
Beogh smites you!
Casting: Sandblast (safe; 3% risk of failure)
Confirm with . or Enter, or press ? or * to list all spells.
Aiming: Sandblast (safe; 3% risk of failure)
Press: ? - help, Shift-Dir - straight line, f/p - orc
Aim: an orc, wielding a +0 flail and wearing a +0 scale mail (lightly wounded, 82% to hit)
The blast of sand hits the orc!
You kill the orc!
Unknown command.
Casting: Sandblast (safe; 3% risk of failure)
Confirm with . or Enter, or press ? or * to list all spells.
Aiming: Sandblast (safe; 3% risk of failure)
Press: ? - help, Shift-Dir - straight line, f - orc
Aim: an orc, wielding a +0 dagger and wearing a +0 leather armour (79% to hit)
The blast of sand hits the orc.
The orc is lightly wounded.
The orc hits you but does no damage.
The orc priest casts a cantrip, but nothing happens.
Casting: Sandblast (safe; 3% risk of failure)
Confirm with . or Enter, or press ? or * to list all spells.
Aiming: Sandblast (safe; 3% risk of failure)
Press: ? - help, Shift-Dir - straight line, f/p - orc
Aim: an orc, wielding a +0 dagger and wearing a +0 leather armour (79% to hit)
The blast of sand hits the orc.
The orc is heavily wounded.
The orc hits you with a +0 dagger.
The orc priest calls upon Beogh to heal the orc.
The orc's wounds heal themselves!
Casting: Sandblast (safe; 3% risk of failure)
Confirm with . or Enter, or press ? or * to list all spells.
You don't have enough magic to cast this spell.
Unknown command.
You closely miss the orc. The orc misses you.
You barely miss the orc. You barely miss the orc.
The orc hits you with a +0 dagger.
The orc priest mumbles some strange prayers to Beogh against you.
Beogh smites you!
Ouch! That really hurt!
You die...

.#. .. # ####
########.# .# #...
.........#..#
####...######.)<.#..#
..........o##.......#
#.......#o##..#....#
#.....oo#o##.......#
#.......#@##...#...#
#....oo.#.##...#...#
#...o...#.##...#.#.#
#.......#.##...#.#.#
#.......#.##...#
##.....##.##...# #.
##$⌠$###.##...#
#..#######..##....
#.........###.#.##


You could see an orc priest and 2 orcs.

Vanquished Creatures
  A worm (D:2)
  A dart slug (D:1)
  An orc (D:2)
  A ball python (D:2)
  4 bats
  6 endoplasms
  A giant cockroach (D:1)
  6 goblins
  3 hobgoblins
  5 jackals
  6 kobolds
  2 quokkas
  3 frilled lizards
  3 rats (D:1)
43 creatures vanquished.

Notes
Turn   | Place    | Note
-------+----------+-------------------------------------------
     0 | D:1      | Kaptain the Gargoyle Earth Elementalist began the quest for
                  | the Orb.
     0 | D:1      | Reached XP level 1. HP: 10/10 MP: 3/3
   313 | D:1      | You fall into a shaft and drop 1 floor!
   333 | D:1      | Reached XP level 2. HP: 16/16 MP: 0/5
   917 | D:1      | Found a faded altar of an unknown god.
  1012 | D:1      | Reached skill level 1 in Fighting
  1012 | D:1      | Reached skill level 1 in Conjurations
  1013 | D:1      | Reached XP level 3. HP: 20/20 MP: 3/6
  1451 | D:2      | Reached skill level 1 in Armour
  1746 | D:2      | Reached skill level 4 in Earth Magic
  2078 | D:2      | Found a shimmering altar of Xom.
  2344 | D:2      | Killed from afar by an orc priest

Illustrated notes

Levels and vault maps discovered:
D:1:      minmay_arrival_four_houses, layout_basic,
          ebering_ecumenical_altar_ruins
D:2:      cheibrodos_pilgrimage, layout_basic, basic_altar

Skill      XL: |  1  2  3 |
---------------+----------+-----
Fighting       | 1 |  1.2
Conjurations   | 1 |  1.3
Armour         | 1 |  1.0
Earth Magic    | 4 |  4.1
Dodging        | |  1.9
Stealth        | |  2.1
Spellcasting   | |  2.4
Transmutations | |  0.7

Action                   || total
-------------------------++-------
Melee: Dagger            ||    32
       Punch             ||     1
 Cast: Sandblast         ||    61
 Stab: Sleeping          ||     1
Armor: Robe              ||     8
Dodge: Dodged            ||    31
